 Dungeon Crawl Stone Soup version 0.30-a0-948-g4fa250aae5 (webtiles) character file.

Game seed: 101612069072981875

98646 ShnitzelX3 the Lord of Darkness (level 16, -1/132 HPs)
             Began as a Ghoul Necromancer on Mar 21, 2023.
             Was the Champion of Kikubaaqudgha.
             Slain by a shock serpent (12 damage)
             ... on level 2 of the Snake Pit on Mar 26, 2023.
             The game lasted 03:20:45 (39161 turns).

ShnitzelX3 the Lord of Darkness (GhNe)             Turns: 39161, Time: 03:20:45

Health: -1/132     AC: 16    Str: 14    XL:     16   Next: 22%
Magic:  4/29       EV: 17    Int: 16    God:    Kikubaaqudgha [******]
Gold:   487        SH:  5    Dex: 15    Spells: 0/35 levels left

rFire   + . .      SeeInvis .    a - +4 whip of Gallantry {pain, rC- Dex+6}
rCold   + . .      Faith    .    (no shield)
rNeg    + + +      Spirit   .    R - +2 robe {rF+}
rPois   ∞          Reflect  +    o - +2 helmet
rElec   .          Rampage  .    N - +2 cloak {Will+}
rCorr   .                        x - +2 pair of gloves
Will    +++..                    r - +2 pair of boots
Stlth   ++++++                   y - amulet of reflection
HPRegen 0.00/turn                v - ring of protection from cold
MPRegen 0.21/turn                Y - ring of willpower

@: death channelling, animating dead (expiring), inhibited regen
A: claws 1, cold resistance 1, negative energy resistance 3, inhibited
regeneration, torment resistance 2, devour on kill
a: Renounce Religion, Unearth Wretches, Torment


You were on level 2 of the Snake Pit.
You worshipped Kikubaaqudgha.
Kikubaaqudgha was exalted by your worship.
You visited 6 branches of the dungeon, and saw 27 of its levels.

You collected 2684 gold pieces.
You spent 2197 gold pieces at shops.

Inventory:

Hand Weapons
 a - the +4 whip of Gallantry (weapon) {pain, rC- Dex+6}
   (You found it on level 13 of the Dungeon)

   Dex:       It affects your dexterity (+6).
   rC:        It makes you vulnerable to cold.
 b - a +0 shortbow
 q - a +0 demon whip of venom
 s - a +4 heavy eveningstar
 w - a +1 dagger of electrocution
 S - a +2 scimitar of flaming
Missiles
 h - 73 poisoned darts (quivered)
 i - 15 atropa-tipped darts
 K - 2 curare-tipped darts
 W - 6 silver javelins
Armour
 l - a +2 kite shield
 o - a +2 helmet (worn)
 r - a +2 pair of boots (worn)
 x - a +2 pair of gloves (worn)
 N - a +2 cloak of willpower (worn)
 R - a +2 robe of fire resistance (worn)
Jewellery
 k - a ring of protection from fire
 v - a ring of protection from cold (left hand)
 y - an amulet of reflection (around neck)
 G - a +6 ring of intelligence
 U - a ring of see invisible
 Y - a ring of willpower (right hand)
 Z - a ring of fire
Wands
 c - a wand of flame (20)
 D - a wand of mindburst (23)
 H - a wand of paralysis (6)
 P - a wand of iceblast (5)
 V - a wand of quicksilver (8)
 X - a wand of digging (2)
Scrolls
 f - a scroll of blinking
 m - 4 scrolls of silence
 n - a scroll of poison
 p - 6 scrolls of amnesia
 A - a scroll of fear
 C - 3 scrolls of butterflies
 E - 2 scrolls of magic mapping
 F - 4 scrolls of fog
 I - 8 scrolls of teleportation
 L - 3 scrolls of immolation
 M - a scroll of torment
Potions
 d - 7 potions of attraction
 e - 8 potions of curing
 g - 4 potions of flight
 j - 2 potions of haste
 t - a potion of invisibility
 z - 5 potions of heal wounds
 B - a potion of magic
 J - 5 potions of cancellation
 O - 2 potions of resistance
 Q - 6 potions of brilliance
 T - a potion of might


   Skills:
 - Level 9.0 Fighting
 + Level 9.5 Maces & Flails
 + Level 9.9 Dodging
 + Level 13.9 Stealth
 + Level 3.5 Shields
 + Level 10.1 Spellcasting
 + Level 0.6 Conjurations
 - Level 4.2 Hexes
 * Level 15.1 Necromancy
 - Level 6.7 Ice Magic


You couldn't memorise any spells.
You knew the following spells:

 Your Spells              Type           Power      Damage    Failure   Level
a - Necrotise             Necr           100%       1d9       1%          1
b - Vampiric Draining     Necr           54%        2d9       1%          3
c - Animate Dead          Necr           54%        N/A       1%          4
d - Kiss of Death         Conj/Necr      100%       2d13      1%          1
e - Tukima's Dance        Hex            21%        N/A       4%          3
f - Death Channel         Necr           27%        N/A       2%          6
g - Dispel Undead         Necr           54%        3d20      1%          4
h - Simulacrum            Ice/Necr       21%        N/A       16%         6
i - Anguish               Hex/Necr       19%        N/A       1%          4
j - Hailstorm             Conj/Ice       19%        3d6       6%          3

Your spell library contained the following spells:

 Spells                   Type           Power      Damage    Failure   Level
 Cigotuvi's Dreadful Rot  Necr/Pois/Air  48%        N/A       1%          2
 Agony                    Necr           54%        N/A       1%          5
 Summon Small Mammal      Summ           32%        N/A       9%          1
 Dazzling Flash           Conj/Hex       30%        N/A       10%         3
 Portal Projectile        Hex/Tloc       28%        N/A       12%         3
 Summon Guardian Golem    Hex/Summ       14%        N/A       12%         3
 Lesser Beckoning         Tloc           16%        N/A       14%         2
 Call Canine Familiar     Summ           8%         N/A       26%         3
 Gell's Gravitas          Tloc           8%         N/A       26%         3
 Teleport Other           Tloc           8%         N/A       26%         3
 Airstrike                Air            4%         2d(1-17)  65%         4
 Animate Armour           Summ/Erth      16%        N/A       65%         4
 Summon Lightning Spire   Summ/Air       8%         N/A       65%         4
 Silence                  Hex/Air        7%         N/A       71%         5
 Infestation              Necr           27%        N/A       75%         8
 Plasma Beam              Fire/Air       4%         2x1d15    94%         5
 Haunt                    Necr/Summ      16%        N/A       98%         7
 Dispersal                Tloc           4%         N/A       100%        6
 Eringya's Noxious Bog    Tmut/Pois      4%         N/A       100%        6
 Iron Shot                Conj/Erth      4%         9d2       100%        6
 Ice Form                 Ice/Tmut       Unusable   N/A       N/A         4
 Blade Hands              Tmut           Unusable   N/A       N/A         5

Dungeon Overview and Level Annotations

Branches:
Dungeon (15/15)            Temple (1/1) D:4            Lair (5/5) D:10
  Swamp (1/4) Lair:2        Snake (3/4) Lair:2        Slime (0/5) Lair:5
    Orc (2/2) D:11            Elf (0/3) Orc:2        Vaults (0/5) D:13
 Depths: D:15

Altars:
Ashenzari
Cheibriados
Dithmenos
Fedhas
Gozag
Hepliaklqana
Kikubaaqudgha
Makhleb
Nemelex Xobeh
Okawaru
Qazlal
Ru
Sif Muna
Trog
Uskayaw
Vehumet
Wu Jian
Xom
Yredelemnul
Jiyva

Shops:
D:2 ?   D:9 :*   Orc:2 ??*

Annotations:
D:9 3 runed translucent doors, Selderis's ghost, novice TrBe
D:14 Snorg
D:15 Agnes; Louise; Roxanne
Lair:4 3 runed translucent doors, relicbr's ghost, journeyman HOMo
Swamp:1 Mlioglotl
Orc:2 Azrael; Saint Roka


Innate Abilities, Weirdness & Mutations

You are immune to poison.
You have sharp fingernails.
Your flesh is cold resistant. (rC+)
You are immune to negative energy. (rN+++)
You do not regenerate when monsters are visible.
You are immune to unholy pain and torment.
You thrive by killing the living.


Message History

You closely miss the shock serpent.
Your reaping aura is weakening.
The shock serpent shoots out a bolt of lightning at you!
The bolt of electricity hits you!
The bolt of electricity hits your naga simulacrum!!
Your naga simulacrum vaporises!
Your spectral naga mage hits the naga mage but does no damage.
Your spectral naga mage constricts the naga mage.
The naga mage struggles to escape constriction.
Unknown command.
The shock serpent shoots out a bolt of lightning at you!
The bolt of electricity misses you.
The naga mage gestures at the naga while chanting.
The naga seems to grow toxic.
Your spectral naga mage hits the naga mage.
Your spectral naga mage constricts the naga mage.
The shock serpent shoots out a bolt of lightning at you!
The bolt of electricity hits your spectral naga mage!
The bolt of electricity hits your naga mage zombie!!
The bolt of electricity hits you!
* * * LOW HITPOINT WARNING * * *
You climb upwards.
Your mindless puppets stay behind to rot.
There is a stone staircase leading down here.
Unknown command.
Aiming: Paralyse
Press: ? - help, Shift-Dir - straight line, f - shock serpent
Aim: a shock serpent (chance to affect: 31%)
The shock serpent easily resists.
The shock serpent shoots out a bolt of lightning at you!
The bolt of electricity hits you!!
* * * LOW HITPOINT WARNING * * *
The bolt of electricity hits you!
* * * LOW HITPOINT WARNING * * *
The bolt of electricity hits the shock serpent.
The shock serpent completely resists.
The shock serpent bites you.
* * * LOW HITPOINT WARNING * * *
The shock serpent shocks you!
You die...
Kikubaaqudgha rasps: "You have failed me!
Welcome... oblivion!"

.....# #..####### #.#..... .[[..#
####.## #.#....) ....### ##....#
#.#..... ....).#####..####
###.#.....
#.###.#.....############.........
.........................#.#.....
.<..#.......##############.......
##########.[..[...#### ###.....
##########......@....## ##.....
.......##.......S.....## #...###
######.....!........#..####...#
####...........##.....÷.)#
##.........########...#
##...#...## ##### #########


You could see a shock serpent.

Vanquished Creatures
  Jorgrun (D:14)
  Frances (D:13)
  2 nagarajas (Snake:2)
  2 orc warlords (Orc:1)
  An ettin (Orc:2)
  A salamander tyrant (Snake:2)
  5 hydras
  2 vault guards (D:13)
  5 two-headed ogres
  A boulder beetle (D:15)
  3 anacondas (Snake:1)
  4 centaur warriors
  A death yak (Lair:4)
  3 naga warriors
  Urug (Lair:1)
  A shock serpent (Snake:3)
  3 naga sharpshooters
  An orc high priest (Orc:2)
  Amaemon (D:8)
  A salamander mystic (Snake:2)
  A glowing orange brain (shapeshifter) (D:14)
  Pikel (D:5)
  9 orc knights
  A lindwurm (Lair:5)
  2 deep elf pyromancers
  A phantasmal warrior (D:14)
  The ghost of asti the Cleaver, a novice MiFi (D:5)
  2 mana vipers (Snake:1)
  2 will-o-the-wisps
  2 salamanders
  7 cyclopes
  4 manticores
  4 elephants
  2 guardian serpents
  10 black mambas
  3 cane toads
  2 naga magi (Snake:1)
  3 molten gargoyles (Lair:5)
  An orange demon (D:8)
  A gargoyle (D:11)
  8 komodo dragons
  2 kobold demonologists
  3 rime drakes
  An efreet (D:14)
  2 polar bears
  8 saltlings (Orc:2)
  Grinder (D:3)
  7 trolls
  11 blink frogs
  A hornet (D:8)
  A shadow (D:9)
  A centaur simulacrum (D:11)
  2 wraiths
  Sigmund (D:2)
  20 yaks
  A fire elemental (Orc:2)
  A vampire (D:9)
  6 wyverns
  A steam dragon (Lair:5)
  3 basilisks
  8 humans (D:13)
  A warg (Orc:2)
  4 nagas (Snake:1)
  An acid dragon (D:9)
  4 hell hounds (Lair:5)
  6 water moccasins
  29 orc warriors
  3 ice beasts
  A meliai simulacrum (D:11)
  2 sky beasts (D:6)
  4 black bears
  7 ogres
  28 wolves
  11 centaurs
  3 lemures
  3 kobold brigands
  17 bullfrogs
  2 scorpions (D:5)
  6 wights (D:8)
  5 yak zombies (D:8)
  6 howler monkeys
  4 electric eels
  4 quasits (D:5)
  9 lava snakes
  2 hounds
  4 jellies
  3 gnoll boudas (D:5)
  Crazy Yiuf (D:2)
  8 orc priests
  Ijyb (D:3)
  25 orc wizards
  6 iguanas
  4 hell rats (Lair:3)
  A boggart simulacrum (D:11)
  7 adders
  13 gnolls
  A shadow imp (D:4)
  3 white imps
  An ufetubus (D:5)
  3 worms
  3 dart slugs
  56 orcs
  5 endoplasms
  5 giant cockroaches
  4 goblins
  5 hobgoblins
  23 kobolds
  6 quokkas
  5 ball pythons
  2 bats (D:1)
  3 frilled lizards
  2 rats
  A pillar of salt (Orc:2)
551 creatures vanquished.

Vanquished Creatures (collateral kills)
  Aizul (Snake:2)
  A fire dragon (Lair:5)
  An ogre mage (D:15)
  An anaconda (Snake:1)
  Erica (D:8)
  2 death yaks (Lair:4)
  A two-headed ogre (D:15)
  4 naga warriors (Snake:1)
  A naga ritualist (Snake:1)
  A mana viper (Snake:1)
  An orc sorcerer (D:15)
  A cyclops (D:12)
  A salamander (Snake:2)
  3 elephants (Lair:4)
  5 black mambas (Snake:1)
  2 cane toads
  4 naga magi
  A komodo dragon (Lair:5)
  A troll (D:11)
  8 blink frogs
  3 slime creatures (D:12)
  2 water elementals (D:11)
  26 yaks
  A human (D:13)
  A steam dragon (Lair:5)
  5 nagas
  4 wargs
  4 water moccasins
  4 orc warriors
  2 ogres
  6 wolves
  A centaur (D:13)
  A bullfrog (Lair:4)
  A wight (D:8)
  2 electric eels
  A lava snake (Lair:5)
  2 orc priests (Orc:1)
  2 orc wizards
  3 hell rats (Lair:3)
  7 orcs
  A bat (D:1)
120 creatures vanquished.

Vanquished Creatures (others)
  2 hydras (Lair:5)
  A naga warrior (Snake:2)
  An anaconda zombie (Snake:1)
  A naga ritualist (Snake:2)
  A salamander (Snake:1)
  2 naga magi (Snake:3)
  2 black mambas (Snake:2)
  A saltling (Orc:2)
  3 black mamba zombies (Snake:1)
  A human (D:13)
  A naga (Snake:3)
  27 dancing weapons
  A naga zombie (Snake:1)
  8 yak zombies
  5 wolf zombies
  3 human zombies (D:13)
  A scorpion zombie (D:5)
  2 gnoll zombies (D:5)
  8 kobold zombies
  13 orc zombies
  4 foxfires
  77 fungi
  19 pillars of salt (Orc:2)
  120 plants
  3 withered plants (D:15)
307 creatures vanquished.

Grand Total: 978 creatures vanquished

Notes
Turn   | Place    | Note
-------+----------+-------------------------------------------
     0 | D:1      | ShnitzelX3 the Ghoul Necromancer began the quest for the
                  | Orb.
     0 | D:1      | Reached XP level 1. HP: 14/14 MP: 2/2
   231 | D:1      | Reached XP level 2. HP: 22/22 MP: 0/3
   609 | D:2      | Noticed Sigmund
   622 | D:1      | Reached skill level 1 in Fighting
   622 | D:1      | Reached XP level 3. HP: 19/28 MP: 0/5
   701 | D:1      | Found a faded altar of an unknown god.
   814 | D:1      | Learned a level 3 spell: Vampiric Draining
  1411 | D:2      | Found Yki Xodu's Magic Scroll Shoppe.
  1422 | D:2      | Bought a scroll of identify for 28 gold pieces
  1486 | D:2      | Bought a scroll of teleportation for 42 gold pieces
  1961 | D:2      | Found a runed translucent door.
  1962 | D:2      | Noticed Crazy Yiuf
  2017 | D:2      | Reached XP level 4. HP: 35/35 MP: 3/6
  2342 | D:3      | Found a sacrificial altar of Ru.
  2523 | D:3      | Noticed Ijyb
  2755 | D:3      | Noticed a centaur
  2860 | D:3      | Killed a centaur
  2861 | D:3      | Reached XP level 5. HP: 28/41 MP: 0/8
  3544 | D:4      | Learned a level 4 spell: Animate Dead
  3827 | D:4      | Found an iron altar of Okawaru.
  3971 | D:4      | Found a staircase to the Ecumenical Temple.
  3980 | Temple   | Entered the Ecumenical Temple
  4199 | Temple   | Became a worshipper of Kikubaaqudgha
  4255 | D:4      | Reached XP level 6. HP: 44/48 MP: 9/9
  4380 | D:5      | Entered Level 5 of the Dungeon
  4380 | D:5      | Noticed Pikel
  4380 | D:5      | Noticed an ice beast
  4427 | D:5      | You fall into a shaft and drop 1 floor!
  4427 | D:6      | Found a shadowy altar of Dithmenos.
  4444 | D:6      | Noticed a sky beast
  4455 | D:6      | Killed a sky beast
  4456 | D:6      | Reached skill level 5 in Necromancy
  4512 | D:6      | Noticed an ice beast
  4749 | D:5      | Reached XP level 7. HP: 53/56 MP: 5/10
  4759 | D:5      | Reached skill level 1 in Maces & Flails
  5050 | D:5      | Reached * piety under Kikubaaqudgha
  5050 | D:5      | Received a gift from Kikubaaqudgha
  5055 | D:5      | Learned a level 1 spell: Kiss of Death
  5121 | D:5      | Reached skill level 5 in Stealth
  5238 | D:5      | Noticed asti's ghost (novice MiFi)
  5474 | D:5      | Found a transporter.
  5691 | D:4      | Reached XP level 8. HP: 54/63 MP: 12/12
  5883 | D:5      | Found a transporter.
  6025 | D:6      | Reached skill level 6 in Necromancy
  7358 | D:7      | Reached XP level 9. HP: 66/71 MP: 15/15
  7953 | D:8      | Reached skill level 5 in Spellcasting
  7989 | D:8      | Found a flagged portal.
  8014 | D:7      | Learned a level 3 spell: Tukima's Dance
  8256 | D:2      | Killed Sigmund
  8256 | D:2      | Reached ** piety under Kikubaaqudgha
  8257 | D:2      | Reached skill level 7 in Necromancy
  8361 | D:2      | Killed Crazy Yiuf
  8565 | D:3      | Noticed Grinder
  8696 | D:5      | Killed Pikel
  8697 | D:5      | Reached skill level 1 in Hexes
  9261 | D:8      | Noticed Erica
  9373 | D:8      | Noticed Amaemon
  9668 | D:8      | Reached XP level 10. HP: 80/80 MP: 17/17
  9987 | D:8      | Reached skill level 5 in Fighting
 10121 | D:8      | Killed Erica
 10122 | D:8      | Reached skill level 8 in Necromancy
 10248 | D:8      | Reached skill level 5 in Dodging
 10390 | D:8      | Noticed an orange demon
 10476 | D:9      | Noticed a kobold demonologist
 10601 | D:9      | Found a runed translucent gate.
 10606 | D:9      | Found Sefapsum's Gadget Gallery.
 10808 | D:9      | Found a shimmering altar of Xom.
 11095 | D:9      | Reached XP level 11. HP: 49/89 MP: 15/19
 11243 | D:9      | Found Tatuoz's Book Shoppe.
 11247 | D:9      | Bought a book of Death for 484 gold pieces
 11255 | D:9      | Found a snail-covered altar of Cheibriados.
 11585 | D:10     | Entered Level 10 of the Dungeon
 11756 | D:10     | Learned a level 5 spell: Agony
 11929 | D:10     | Reached *** piety under Kikubaaqudgha
 11929 | D:10     | Received a gift from Kikubaaqudgha
 11963 | D:10     | Reached skill level 9 in Necromancy
 12236 | D:10     | Found a staircase to the Lair.
 12282 | D:10     | Found a basalt altar of Yredelemnul.
 12461 | D:10     | Learned a level 4 spell: Dispel Undead
 12469 | D:10     | Learned a level 6 spell: Death Channel
 12576 | D:10     | Noticed a deep elf pyromancer
 12649 | D:10     | Noticed a cyclops
 12814 | D:9      | Noticed a sun demon
 12899 | Lair:1   | Entered Level 1 of the Lair of Beasts
 13163 | Lair:1   | Reached skill level 5 in Maces & Flails
 13183 | Lair:1   | Reached skill level 10 in Stealth
 13635 | Lair:1   | Noticed Urug
 14024 | Lair:2   | Upgraded the game from 0.30-a0-920-g7493c07aab to
                  | 0.30-a0-924-g0ad0bf95bc
 14686 | Lair:2   | Reached skill level 10 in Necromancy
 14847 | Lair:2   | Reached **** piety under Kikubaaqudgha
 15027 | Lair:2   | Reached XP level 12. HP: 99/100 MP: 21/21
 15073 | Lair:2   | Found a staircase to the Swamp.
 15272 | Lair:2   | Noticed a seven-headed hydra
 16274 | Lair:3   | Reached ***** piety under Kikubaaqudgha
 17255 | Lair:4   | Reached skill level 11 in Necromancy
 17315 | Lair:4   | Noticed a death yak
 17442 | Lair:4   | Noticed a four-headed hydra
 17514 | Lair:4   | Noticed an azure jelly
 17514 | Lair:4   | Noticed an azure jelly
 17514 | Lair:4   | Noticed an acid blob
 17514 | Lair:4   | Noticed an azure jelly
 17514 | Lair:4   | Noticed an acid blob
 17514 | Lair:4   | Noticed a great orb of eyes
 17514 | Lair:4   | Noticed an acid blob
 17514 | Lair:4   | Found a runed translucent gate.
 17514 | Lair:4   | Found a runed translucent gate.
 17514 | Lair:4   | Found a runed translucent gate.
 17515 | Lair:4   | Noticed relicbr's ghost (journeyman HOMo)
 17515 | Lair:4   | Noticed an acid blob
 17516 | Lair:4   | Found a viscous altar of Jiyva.
 17516 | Lair:4   | Noticed an acid blob
 17516 | Lair:4   | Noticed an acid blob
 17582 | Lair:4   | Killed a one-headed hydra
 17903 | Lair:4   | Noticed a death yak
 17903 | Lair:4   | Noticed a death yak
 17931 | Lair:4   | Found the +8 demon blade "Leech" {evervamp, Harm Drain rN+}
 18071 | Lair:5   | Entered Level 5 of the Lair of Beasts
 18366 | Lair:5   | Noticed an eight-headed hydra
 18763 | Lair:2   | Reached XP level 13. HP: 107/107 MP: 14/24
 19629 | D:3      | Killed Ijyb
 19761 | D:3      | Killed Grinder
 19867 | D:5      | Killed asti's ghost
 20202 | D:8      | Killed Amaemon
 20436 | D:11     | Found a staircase to the Orcish Mines.
 21269 | D:11     | Reached skill level 1 in Ice Magic
 21505 | D:11     | Reached skill level 12 in Necromancy
 22950 | D:12     | Upgraded the game from 0.30-a0-924-g0ad0bf95bc to
                  | 0.30-a0-930-gb9d0489357
 23068 | D:12     | Noticed Frances
 23166 | Orc:1    | Entered Level 1 of the Orcish Mines
 23573 | D:11     | Learned a level 6 spell: Simulacrum
 23784 | Orc:2    | Entered Level 2 of the Orcish Mines
 24196 | Orc:1    | Noticed an orc warlord
 24256 | Orc:2    | Noticed an ettin
 24997 | D:11     | Reached ****** piety under Kikubaaqudgha
 24998 | D:11     | Received a gift from Kikubaaqudgha
 25945 | D:13     | Identified the +4 whip of Gallantry {pain, rC- Dex+6}
 26271 | D:13     | Reached XP level 14. HP: 104/118 MP: 25/25
 26488 | D:13     | Found a gate to the Vaults.
 26497 | D:13     | Identified the +4 broad axe of Liel {freeze, *Rage Str+5}
 26685 | D:13     | Upgraded the game from 0.30-a0-930-gb9d0489357 to
                  | 0.30-a0-937-ga0a21ad780
 26730 | D:14     | Noticed Snorg
 26847 | D:14     | Noticed Jorgrun
 26867 | D:14     | Killed Jorgrun
 26868 | D:14     | Reached skill level 13 in Necromancy
 27111 | D:13     | Killed Frances
 27806 | Lair:2   | Found a staircase to the Snake Pit.
 29110 | Lair:5   | Found a runed translucent door.
 29111 | Lair:5   | Found a staircase to the Slime Pits.
 29206 | Lair:5   | Reached skill level 5 in Ice Magic
 30834 | Lair:5   | Found a large runed translucent door.
 30834 | Lair:5   | Found a large runed translucent door.
 31440 | Lair:1   | Killed Urug
 31549 | Orc:1    | Killed an orc warlord
 31993 | Orc:2    | Reached XP level 15. HP: 100/124 MP: 16/27
 32084 | Orc:2    | Found a staircase to the Elven Halls.
 32248 | Orc:2    | Reached skill level 14 in Necromancy
 32670 | Orc:2    | Noticed Azrael
 33269 | D:15     | Entered Level 15 of the Dungeon
 33520 | D:15     | Reached skill level 1 in Shields
 33707 | D:15     | Found an ancient bone altar of Kikubaaqudgha.
 33916 | D:15     | Identified Roxanne's Teachings on Scree
 33916 | D:15     | Noticed Roxanne
 34159 | D:15     | Found a basalt altar of Yredelemnul.
 34159 | D:15     | Noticed Louise
 34162 | D:15     | Noticed Agnes
 34461 | Orc:2    | Noticed an orc warlord
 34771 | Snake:1  | Entered Level 1 of the Snake Pit
 35907 | Snake:2  | Noticed Aizul
 35950 | Snake:2  | Killed Aizul
 36223 | Snake:2  | Noticed a nagaraja
 36744 | Orc:1    | Killed an orc warlord
 37328 | Orc:2    | Reached XP level 16. HP: 130/132 MP: 13/28
 37451 | Orc:2    | Reached skill level 10 in Spellcasting
 37482 | Orc:2    | Found Zelao's Magic Scroll Shop.
 37487 | Orc:2    | Bought a scroll of blinking for 112 gold pieces
 37487 | Orc:2    | Bought a scroll of teleportation for 45 gold pieces
 37503 | Orc:2    | Found Cautidgh's General Store.
 37514 | Orc:2    | Reached skill level 15 in Necromancy
 37573 | Orc:2    | Found Intin's Magic Scroll Shoppe.
 37578 | Orc:2    | Bought a scroll of enchant armour for 97 gold pieces
 37579 | Orc:2    | Bought a scroll of teleportation for 39 gold pieces
 37579 | Orc:2    | Bought a scroll of fog for 52 gold pieces
 37579 | Orc:2    | Bought a scroll of fog for 52 gold pieces
 37583 | Orc:2    | Bought Sif Muna's Secrets of the Hapless Adder for 384 gold
                  | pieces
 37583 | Orc:2    | Bought a scroll of enchant armour for 90 gold pieces
 37584 | Orc:2    | Bought 2 potions of heal wounds for 120 gold pieces
 37584 | Orc:2    | Bought a scroll of immolation for 48 gold pieces
 37594 | Orc:2    | Found Holusats's Jewellery Shoppe.
 37711 | Orc:2    | Noticed Saint Roka
 37781 | Orc:1    | Learned a level 4 spell: Anguish
 38016 | Snake:2  | Noticed a nagaraja
 38414 | Swamp:1  | Entered Level 1 of the Swamp
 38419 | Swamp:1  | Noticed Mlioglotl
 38632 | D:9      | Bought a book of the Tundra for 352 gold pieces
 38636 | D:9      | Learned a level 3 spell: Hailstorm
 38644 | D:9      | Found an ornate altar of the Wu Jian Council.
 38645 | D:9      | Found a shimmering blue altar of Sif Muna.
 38778 | D:9      | Found a runed translucent gate.
 38778 | D:9      | Noticed Selderis's ghost (novice TrBe)
 38779 | D:9      | Found a runed translucent gate.
 38819 | D:9      | Bought a wand of quicksilver (4) for 252 gold pieces
 38819 | D:9      | Upgraded the game from 0.30-a0-937-ga0a21ad780 to
                  | 0.30-a0-948-g4fa250aae5
 39048 | Snake:2  | Killed a nagaraja
 39161 | Snake:2  | Slain by a shock serpent

Illustrated notes

Levels and vault maps discovered:
D:1:      saegor_arrival_simple_e, layout_loops_ring,
          hellmonk_ecumenical_altar_pennies_from_heaven, nrook_campfire
D:2:      layout_basic, serial_shops, nicolae_shop_waterfront,
          kennysheep_path_1, minmay_tree_intersection, minmay_pentomino_q4,
          uniq_crazy_yiuf_cottage, uniq_sigmund
D:3:      layout_loops_corners, nicolae_ru_path_of_blood, st_stairs_5,
          nicolae_concentric_dashed_squares_mild, minivault_11,
          amcnicky_mini_pool_small, uniq_ijyb, uniq_grinder
D:4:      layout_rooms, mainiacjoe_overflow_tiny_flanked,
          lemuel_temple_firewalk_b
D:5:      layout_basic, gammafunk_ghost_stat_death, serial_bayou,
          serial_bayou_pond_b, serial_bayou_shore_a, serial_bayou_crossing,
          serial_bayou_pond_d, uniq_pikel
D:6:      layout_rooms, nicolae_dithmenos_the_darkroom, eino_tiny_chamber
D:7:      layout_basic, serial_co_window_serial, co_window_corner_a,
          co_window_paths_a, co_window_corner_a, co_window_paths_b,
          co_window_paths_a, co_window_2corner, co_window_paths_c,
          co_window_of_opportunity_c, co_window_of_opportunity_b,
          co_window_broadway_a, co_window_of_opportunity_b, co_window_4corner_b,
          co_window_sun, glass_columns_b, glass_columns_a, glass_columns_a,
          glass_columns_b, glass_columns_a
D:8:      layout_cave_pods, enter_bailey_2, kennysheep_cross_bottleneck,
          uniq_amaemon, uniq_erica
D:9:      cheibrodos_statue_roulette, layout_rooms, grunt_temple_overflow_open,
          serial_shops, shop_statue, gammafunk_ghost_nasty_kobolds,
          grunt_ministairs_6, nicolae_shop_gadgets
D:10:     layout_irregular_city, amcnicky_altar_gilded,
          due_lair_maze_entry_diamond, kb_rosetta
D:11:     minmay_distorted_concentric_squares, layout_gridville, orc_0_dummy,
          serial_ice, serial_ice_m, serial_ice_j, serial_ice_a, serial_ice_c,
          chequers_serial_rivers_micro_b, minivault_14,
          nrook_guardian_serpent_double
D:12:     layout_cave_pods, minmay_misc_feat_iff, uniq_frances
D:13:     layout_basic, ximxim_vaults_locker_room, minmay_microvault
D:14:     layout_cave_pools, grunt_decor_one_mirror, uniq_snorg, uniq_jorgrun
D:15:     hangedman_depths_entry_try_elsewhere_first, layout_basic,
          kiku_gazebo_garden_becter, yredelemnul_forgotten_temple_becter,
          uniq_roxanne, uniq_agnes, uniq_josephine, uniq_louise
Temple:   nicolae_temple_bog_church
Lair:1:   layout_cave_pods, serial_bayou_pond_d, grunt_forest_small_clearings,
          grunt_megastairs_2, uniq_urug
Lair:2:   beast_lair_carwin_large_4, layout_loops_ring, minmay_swamp_entry_eels,
          nicolae_snake_entry_warm_welcome
Lair:3:   statuecave_lemuel, layout_cave_pods, infiniplex_staircase_pool
Lair:4:   layout_gridlike, gauntlet_entry_generic, gammafunk_ghost_ooze,
          dreamdust_deal_with_the_devil, chequers_serial_rivers_small_b
Lair:5:   cheibrodos_lair_end_hotspot, layout_hall_layers, slime_entry_2
Swamp:1:  layout_falls_marsh, nicolae_swamp_tree_designs, uniq_mlioglotl,
          uniq_donald
Snake:1:  layout_concentric_octagons
Snake:2:  layout_rooms, uniq_aizul
Snake:3:  layout_onion_interference, portal_ice_cave_entry_ice_statue_one
Orc:1:    layout_diamond_mine, basic_altar
Orc:2:    hellmonk_orc_salted, layout_diamond_mine, uniq_azrael, uniq_saint_roka

Skill      XL: |  1  2  3  4  5  6  7  8  9 10 11 12 13 14 15 16 |
---------------+-------------------------------------------------+-----
Dodging        | 2 3 4 5 6 7 8 9 |  9.9
Spellcasting   | 2 3 4 5 6 7 8 9 10 | 10.1
Fighting       | 1 2 3 4 5 7 8 9 |  9.0
Stealth        | 3 4 5 6 8 9 10 11 12 13 | 13.9
Necromancy     | 5 6 7 8 10 11 12 13 14 15 | 15.1
Maces & Flails | 1 2 3 4 5 6 7 8 9 |  9.5
Hexes          | 1 2 3 4 |  4.2
Ice Magic      | 3 5 6 |  6.7
Shields        | 3 |  3.5
Conjurations   | |  0.6

Action                     |  1- 3 |  4- 6 |  7- 9 | 10-12 | 13-15 | 16-18 || total
---------------------------+-------+-------+-------+-------+-------+-------++-------
  Melee: Unarmed           |    63 |    95 |       |       |       |       ||   158
         Short sword       |     1 |       |     4 |       |       |       ||     5
         Punch             |       |     2 |     5 |    19 |    22 |     1 ||    49
         Whip              |       |    60 |   344 |   840 |  1216 |   109 ||  2569
         Quarterstaff      |       |       |    22 |       |       |       ||    22
         Scimitar          |       |       |       |     5 |     8 |       ||    13
         Demon whip        |       |       |       |       |   108 |       ||   108
         Dagger            |       |       |       |       |    20 |     2 ||    22
         Eveningstar       |       |       |       |       |    60 |       ||    60
   Fire: Sling             |       |     2 |       |       |       |       ||     2
         Shortbow          |       |     7 |    20 |    12 |     1 |       ||    40
  Throw: Dart              |     1 |     1 |    11 |     2 |     9 |       ||    24
         Boomerang         |       |       |     1 |       |       |       ||     1
   Cast: Necrotise         |    42 |    31 |    68 |    42 |    86 |     3 ||   272
         Vampiric Draining |       |    11 |    28 |    69 |   127 |       ||   235
         Animate Dead      |       |     1 |     3 |    12 |     6 |     1 ||    23
         Tukima's Dance    |       |       |     6 |     4 |   120 |     1 ||   131
         Death Channel     |       |       |       |    13 |    17 |     4 ||    34
         Dispel Undead     |       |       |       |     2 |     8 |       ||    10
         Agony             |       |       |       |     2 |       |       ||     2
         Simulacrum        |       |       |       |       |    61 |     6 ||    67
         Anguish           |       |       |       |       |       |     3 ||     3
 Invoke: Receive Forbidden |       |       |       |       |     1 |       ||     1
         Unearth Wretches  |       |       |       |       |     3 |     1 ||     4
  Evoke: Wand              |       |       |       |     4 |    52 |     4 ||    60
    Use: Scroll            |     2 |     7 |     7 |    11 |    24 |     3 ||    54
         Potion            |     1 |     1 |     1 |     3 |     2 |     1 ||     9
   Stab: Sleeping          |     2 |     3 |     2 |     5 |    16 |     3 ||    31
         Distracted        |       |       |       |     3 |    10 |     1 ||    14
         Paralysed         |       |       |       |       |     6 |       ||     6
 Armour: Robe              |    16 |    36 |   105 |   285 |   560 |    24 ||  1026
  Dodge: Dodged            |    43 |    90 |   218 |   528 |  1040 |    68 ||  1987
  Block: Other             |       |    13 |    92 |   190 |   311 |    21 ||   627
         Reflection        |       |       |     2 |     3 |     9 |     2 ||    16
         Kite shield       |       |       |       |       |    21 |     3 ||    24

Table legend: (Time is in decaauts)
 A = Elapsed time spent in this place.
 B = Non-inter-level travel time spent in this place.
 C = Inter-level travel time spent in this place.
 D = Time resting spent in this place.
 E = Time spent auto-exploring this place.
 F = Levels seen in this place.
 G = Mean time per level.
                   A        B        C        D        E       F      G
               +--------+--------+--------+--------+--------+-----+--------+
         Total |  38675 |  35027 |   3648 |  11266 |   9675 |  27 | 1432.4 |
       Dungeon |  21862 |  19555 |   2307 |   6148 |   5780 |  15 | 1457.5 |
        Temple |    239 |    229 |     10 |      0 |    164 |   1 |  239.0 |
          Lair |  10528 |   9699 |    829 |   3297 |   2625 |   5 | 2105.6 |
         Swamp |      6 |      6 |      0 |      0 |      0 |   1 |    6.0 |
     Snake Pit |   2258 |   2013 |    245 |    604 |    457 |   3 |  752.7 |
  Orcish Mines |   3780 |   3525 |    255 |   1217 |    648 |   2 | 1890.0 |
               +--------+--------+--------+--------+--------+-----+--------+

Top non-repeatable levels by time:
    D:11: 3173 daAuts
  Lair:5: 2890 daAuts
  Lair:2: 2580 daAuts
    D:10: 2191 daAuts
   Orc:1: 1920 daAuts
   Orc:2: 1859 daAuts
     D:8: 1826 daAuts
  Lair:1: 1818 daAuts
  Lair:3: 1754 daAuts
     D:3: 1689 daAuts
    D:13: 1642 daAuts
     D:5: 1640 daAuts
  Lair:4: 1485 daAuts
 Snake:1: 1442 daAuts
     D:1: 1413 daAuts
